 Dungeon Crawl Stone Soup version 0.30.1-9-gdf580d7c3d (webtiles) character file.

Game seed: 13552387022225917188

56 Anriel the Shooter (level 3, -1/20 HPs)
             Began as a Deep Elf Hunter on Oct 9, 2023.
             Slain by a cerulean imp
             ... wielding a +2 spear
             ... summoned by Natasha
              (4 damage)
             ... on level 2 of the Dungeon.
             The game lasted 00:07:40 (1226 turns).

Anriel the Shooter (Deep Elf Hunter)                Turns: 1226, Time: 00:07:40

Health: -1/20      AC:  3    Str:  8    XL:     3   Next: 69%
Magic:  5/5        EV: 13    Int: 13    God:
Gold:   81         SH:  0    Dex: 20    Spells: 2/2 levels left

rFire   . . .        a - +0 shortbow (chaos)
rCold   . . .        (shield currently unavailable)
rNeg    . . .        c - +0 leather armour
rPois   .            (no helmet)
rElec   .            (no cloak)
rCorr   .            (no gloves)
SInv    .            (no boots)
Will    .....        (no amulet)
Stlth   ++           (no ring)
HPRegen 0.23/turn    (no ring)
MPRegen 0.09/turn

%: no passive effects
@: no status effects
A: no striking features
a: no special abilities


You were on level 2 of the Dungeon.
You visited 1 branch of the dungeon, and saw 2 of its levels.

You collected 81 gold pieces.

Inventory:

Hand Weapons
 a - a +0 shortbow of chaos (weapon)
Armour
 c - a +0 leather armour (worn)
Scrolls
 b - a scroll of immolation


   Skills:
 - Level 1.5 Fighting
 + Level 5.6 Ranged Weapons
 - Level 1.0 Armour
 * Level 3.7 Dodging
 + Level 2.4 Stealth


You had 2 spell levels left.
You didn't know any spells.
Your spell library was empty.

Dungeon Overview and Level Annotations

Branches:
Dungeon (2/15)

Altars:

Annotations:
D:2 Natasha


Message History

Natasha mumbles some strange words.
Fire: a) +0 shortbow (chaos)
Press: ? - help, Q - select action Shift-Dir - straight line, f/p - Natasha
Aim: Natasha (58% to hit)
You shoot an arrow. The arrow barely misses the jackal.
The arrow closely misses Natasha.
The jackal barely misses you. x2
Natasha casts a spell.
Your rat zombie bites the adder.
The cerulean imp hits you with a +0 spear.
The jackal bites you.
Your rat zombie bites the adder but does no damage.
Fire: a) +0 shortbow (chaos)
Press: ? - help, Q - select action Shift-Dir - straight line, f/p - Natasha
Aim: Natasha (58% to hit)
You shoot an arrow. The arrow hits the jackal.
Lightning courses through the jackal!!
You kill the jackal!
You feel yourself speed up. The cerulean imp misses you.
The adder completely misses you. The cerulean imp misses you.
Your rat zombie closely misses the cerulean imp.
Natasha mumbles some strange words.
The cerulean imp hits you from afar with a +1 spear.
The cerulean imp hits you from afar with a +0 spear.
The adder misses you.
You shoot an arrow. The arrow barely misses the adder.
The adder completely misses you. The cerulean imp closely misses you.
The cerulean imp hits you from afar with a +2 spear.
* * * LOW HITPOINT WARNING * * *
Unknown command.
You aren't carrying any potions.
Okay, then.
The adder bites you.
* * * LOW HITPOINT WARNING * * *
The cerulean imp closely misses you.
Natasha extends her claws.
Natasha claws something!
The cerulean imp hits you from afar with a +2 spear.
You die...

#.# #... .... #.##..# ### ....
#....# #########.. .... ###..#
#.......... ###.. #.h.#
#.#######.. ..†...##.#5# #.#
##..# ......#5h#.# #####.# #..##
........##S###.....#####.##
.......(.5.@.............###
.....>..........................#
..................#############.#
#$...............>#.#.#...#.#.#..
#..J..(...........##.#..#..#.##..
..................#.#..###..#.#..
..........!...#...##..##.##..##..
.......#..........#..##.[.##..#..
.<...# #..####....#..)..)..##.†..


You could see Natasha, 2 cerulean imps and an adder.

Vanquished Creatures
  A worm (D:2)
  6 endoplasms
  A giant cockroach (D:2)
  7 hobgoblins
  6 jackals
  2 quokkas
  4 ball pythons
  2 bats
  A frilled lizard (D:1)
  7 goblins
  5 kobolds
  4 rats
46 creatures vanquished.

Vanquished Creatures (collateral kills)
  A jackal (D:2)
1 creature vanquished.

Vanquished Creatures (others)
  A rat zombie (D:2)
1 creature vanquished.

Grand Total: 48 creatures vanquished

Notes
Turn   | Place    | Note
-------+----------+-------------------------------------------
     0 | D:1      | Anriel the Deep Elf Hunter began the quest for the Orb.
     0 | D:1      | Reached XP level 1. HP: 12/12 MP: 3/3
   212 | D:1      | Reached XP level 2. HP: 16/16 MP: 4/4
   307 | D:1      | Reached skill level 1 in Armour
   912 | D:2      | Noticed Natasha
  1006 | D:1      | Reached XP level 3. HP: 4/20 MP: 5/5
  1226 | D:2      | Slain by a cerulean imp

Illustrated notes

Levels and vault maps discovered:
D:1:      dpeg_arrival_ternary, layout_basic, amcnicky_mini_pool_small
D:2:      minmay_diamond_boxcup, layout_rooms, uniq_natasha

Skill      XL: |  1  2 |
---------------+-------+-----
Armour         | 1 |  1.0
Dodging        | 3 |  3.7
Stealth        | 2 |  2.4
Fighting       | |  1.5
Ranged Weapons | |  5.6

Action                     || total
---------------------------++-------
   Fire: Shortbow          ||   106
    Use: Scroll            ||     4
         Potion            ||     1
 Armour: Leather armour    ||    31
  Dodge: Dodged            ||    82
